 Dungeon Crawl Stone Soup version 0.28-a0-519-gbfeecf2fc5 (webtiles) character file.

Game seed: 13393161904903290897

363 Rennog the Skirmisher (level 6, 0/41 HPs)
             Began as a Gargoyle Fighter on Sept 23, 2021.
             Slain by a gnoll (4 damage)
             ... on level 4 of the Dungeon.
             The game lasted 00:05:38 (3455 turns).

Rennog the Skirmisher (Gargoyle Fighter)            Turns: 3455, Time: 00:05:39

Health: 0/41       AC: 12    Str: 19    XL:     6   Next: 67%
Magic:  6/6        EV:  9    Int:  9    God:
Gold:   39         SH:  4    Dex: 11    Spells: 5/5 levels left

rFire   . . .      SeeInvis .   k - +1 mace (protect)
rCold   . . .      Faith    .   c - +0 buckler
rNeg    + . .      Spirit   .   b - +0 scale mail
rPois   ∞          Reflect  .   (no helmet)
rElec   +          Harm     .   j - +0 cloak
rCorr   .          Rampage  .   (no gloves)
Will    .....                   (no boots)
Stlth   ..........              (no amulet)
HPRegen 0.13/turn               (no ring)
MPRegen 0.10/turn               (no ring)

@: no status effects
A: sickness immunity, AC +4, negative energy resistance 1, electricity
resistance, torment resistance 1, petrification resistance
a: no special abilities


You were on level 4 of the Dungeon.
You visited 1 branch of the dungeon, and saw 4 of its levels.

You collected 39 gold pieces.

Inventory:

Hand Weapons
 a - a +0 flail
 k - a +1 mace of protection (weapon)
Armour
 b - a +0 scale mail (worn)
 c - a +0 buckler (worn)
 j - a +0 cloak (worn)
Jewellery
 e - a ring of resist corrosion
Wands
 l - a wand of charming (10)
Scrolls
 f - 5 scrolls of identify {unknown}
 h - a scroll of fog {unknown}
Potions
 d - a potion of heal wounds {unknown}
 g - a potion of attraction {unknown}
 i - a potion of curing {unknown}
 m - a potion of flight {unknown}


   Skills:
 * Level 6.1 Fighting
 + Level 3.7 Maces & Flails
 + Level 4.8 Armour
 - Level 3.2 Shields


You had 5 spell levels left.
You didn't know any spells.
Your spell library was empty.

Dungeon Overview and Level Annotations

Branches:
Dungeon (4/15)             Temple (0/1) D:4

Altars:
Kikubaaqudgha
Xom

Shops:
D:1 ?   D:3 [*

Annotations:
D:3 2 transporters, Sigmund


Innate Abilities, Weirdness & Mutations

You are immune to sickness and miasma.
Your stone body is resilient. (AC +4)
You are immune to poison.
You resist negative energy. (rN+)
You are resistant to electric shocks. (rElec)
You are resistant to unholy torment.
You are immune to petrification.


Message History

You thump the hobgoblin!
You kill the hobgoblin!
You barely miss the gnoll. The gnoll hits you but does no damage.
You closely miss the gnoll. The gnoll barely misses you.
You block the gnoll's attack.
Your scale mail prevents you from hitting the gnoll.
The gnoll hits you but does no damage. The gnoll closely misses you.
The gnoll barely misses you.
You hit the gnoll but do no damage. The gnoll closely misses you.
You block the gnoll's attack. The gnoll hits you with a +0 club.
* * * LOW HITPOINT WARNING * * *
You closely miss the gnoll. The gnoll hits you but does no damage.
You block the gnoll's attack.
You barely miss the gnoll. The gnoll hits you with a +0 flail!
* * * LOW HITPOINT WARNING * * *
The gnoll closely misses you.
You sock the gnoll!
Your weapon exudes an aura of protection.
The gnoll is heavily wounded.
The gnoll hits you but does no damage. x2
You hit the gnoll but do no damage.
The gnoll is heavily wounded.
The gnoll hits you but does no damage. The gnoll barely misses you.
You block the gnoll's attack.
You completely miss the gnoll.
The gnoll is heavily wounded.
The gnoll hits you but does no damage. The gnoll closely misses you.
The gnoll hits you but does no damage.
You barely miss the gnoll.
The gnoll is heavily wounded.
The gnoll hits you with a +0 flail.
* * * LOW HITPOINT WARNING * * *
The gnoll completely misses you.
You closely miss the gnoll.
The gnoll is heavily wounded.
The gnoll barely misses you. The gnoll misses you.
You closely miss the gnoll.
The gnoll is heavily wounded.
The gnoll hits you with a +0 flail.
You die...

.........#.............##...
.......))#...g.g............
......>..#)####.g##.........
##'#####....###..##....##...
#......#....#.....g.g..# ###
#......#....'....g.....#
##.....#....###..##....#
#.....#......#####....+
#.....'......#g@#######
#.....#....g.#g##
#..##.#...g..#.# ## #
##....##)# #....'..#
#....#..# #....#..#
#....#..# #....#..#


You could see 2 gnolls.

Vanquished Creatures
  An ogre (D:4)
  Crazy Yiuf (D:2)
  Ijyb (D:2)
  Terence (D:3)
  An orc wizard (D:4)
  Robin (D:3)
  2 gnolls
  5 adders
  An adder skeleton (D:4)
  3 worms
  5 dart slugs
  3 orcs (D:4)
  8 ball pythons
  3 endoplasms
  2 giant cockroaches
  15 goblins
  7 hobgoblins
  6 kobolds
  4 quokkas
  5 bats
  3 frilled lizards
  7 rats
85 creatures vanquished.

Notes
Turn   | Place    | Note
-------+----------+-------------------------------------------
     0 | D:1      | Rennog the Gargoyle Fighter began the quest for the Orb.
     0 | D:1      | Reached XP level 1. HP: 14/14 MP: 1/1
   104 | D:1      | Reached XP level 2. HP: 7/19 MP: 2/2
   642 | D:1      | Found Azitsoco's Magic Scroll Emporium.
   642 | D:1      | You fall into a shaft and drop 1 floor!
   653 | D:2      | Reached XP level 3. HP: 22/24 MP: 3/3
   654 | D:2      | Reached skill level 4 in Fighting
  1580 | D:2      | Reached XP level 4. HP: 27/30 MP: 4/4
  1774 | D:2      | Found a runed translucent door.
  1775 | D:2      | Noticed Crazy Yiuf
  2121 | D:2      | Found a faded altar of an unknown god.
  2260 | D:2      | Found a shimmering altar of Xom.
  2317 | D:2      | Killed Crazy Yiuf
  2318 | D:2      | Reached XP level 5. HP: 32/34 MP: 5/5
  2376 | D:3      | Noticed Terence
  2376 | D:3      | Found Baucsib's Armour Boutique.
  2376 | D:3      | Found a transporter.
  2389 | D:3      | Killed Terence
  2390 | D:3      | Reached skill level 5 in Fighting
  2458 | D:3      | Found a transporter.
  2521 | D:3      | Found Zioren's General Store.
  2528 | D:3      | Noticed Robin
  2528 | D:3      | Noticed Ijyb
  2563 | D:3      | Paralysed by Ijyb for 3 turns
  2571 | D:3      | Paralysed by Ijyb for 7 turns
  2610 | D:2      | Paralysed by Ijyb for 7 turns
  2620 | D:2      | Paralysed by Ijyb for 3 turns
  2631 | D:2      | Killed Ijyb
  2923 | D:3      | Killed Robin
  3061 | D:3      | Found an ancient bone altar of Kikubaaqudgha.
  3131 | D:3      | Noticed Sigmund
  3246 | D:4      | Noticed an ogre
  3263 | D:4      | Killed an ogre
  3264 | D:4      | Reached XP level 6. HP: 8/41 MP: 6/6
  3301 | D:4      | Reached skill level 6 in Fighting
  3336 | D:4      | Found a staircase to the Ecumenical Temple.
  3455 | D:4      | Slain by a gnoll

Illustrated notes

Levels and vault maps discovered:
D:1:      mrwooster_arrival_statue_3, layout_basic, serial_shops,
          nicolae_shop_statue_plus, minivault_19
D:2:      layout_loops_ring, basic_altar, ebering_ecumenical_altar_petrified,
          uniq_crazy_yiuf_cottage
D:3:      gammafunk_steamed_eel, layout_rooms,
          mainiacjoe_overflow_small_starburst,
          nicolae_kikubaaqudgha_miasma_corner, lemuel_tele_altar, serial_shops,
          shop, nicolae_shop_crystal, uniq_robin, uniq_ijyb, uniq_sigmund,
          uniq_terence
D:4:      layout_gridville, mainiacjoe_overflow_24_doors,
          minmay_temple_entry_mini_moons, gup_sewer_entry_spiral, uniq_duvessa

Skill      XL: |  1  2  3  4  5  6 |
---------------+-------------------+-----
Fighting       | 4 5 6 |  6.1
Armour         | 4 |  4.8
Maces & Flails | 3 |  3.7
Shields        | |  3.2

Action                   |  1- 3 |  4- 6 || total
-------------------------+-------+-------++-------
Melee: Flail             |   113 |    33 ||   146
       Mace              |       |   164 ||   164
  Use: Potion            |       |     1 ||     1
Armor: Scale mail        |    67 |   126 ||   193
Dodge: Dodged            |    79 |    83 ||   162
Block: Buckler           |    46 |    48 ||    94

Table legend: (Time is in decaauts)
 A = Elapsed time spent in this place.
 B = Non-inter-level travel time spent in this place.
 C = Inter-level travel time spent in this place.
 D = Time resting spent in this place.
 E = Time spent auto-exploring this place.
 F = Levels seen in this place.
 G = Mean time per level.
                   A        B        C        D        E       F      G
               +--------+--------+--------+--------+--------+-----+--------+
         Total |   3542 |   3314 |    228 |    265 |   2254 |   4 |  885.5 |
       Dungeon |   3542 |   3314 |    228 |    265 |   2254 |   4 |  885.5 |
               +--------+--------+--------+--------+--------+-----+--------+

Top non-repeatable levels by time:
     D:1: 1403 daAuts
     D:2: 1359 daAuts
     D:3: 558 daAuts
     D:4: 220 daAuts
